AoeStats
← DeadlyAgus

Arena

510838661Analyzed
1v1 RM · 11h ago on Oct 2, 2026· 27m 29s· 2 players
Game mode
Random Map
Map size
Tiny (2 player)
Population
200
Speed
Normal
Resources
Standard
Victory
Conquest
Starting age
Dark Age
Ending age
Imperial Age
RankedLock teamsTeams togetherTeam positionsShared explorationLock speedFull tech treeHidden civsTurbo modeCheats
Victory
Defeat
🇺🇸 Bohemians · United States
1215
+14
🇨🇴 Turks · Colombia
1176
-14
DeadlyAgus
13:04 Feudal Age
14:06 Double-Bit Axe
20:54 Castle Age
21:54 Loom
22:20 Husbandry
Ultros
9:19 Feudal Age
9:48 Loom
13:14 Castle Age
11:25 Double-Bit Axe
14:57 Fervor
15:08 Sanctity
18:05 Redemption
18:25 Pikeman
23:23 Chemistry
24:06 Padded Archer Armor
Connection lost

Rejoining the realm…

Still unreachable

The connection could not be restored.

Session expired

The server has moved on; the page needs a fresh start.